 Dungeon Crawl Stone Soup version 0.24.0-1-gfbc8707 (webtiles) character file.

Game seed: 6198975102607071430, levelgen mode: deterministic

125 Buxparty the Poker (level 4, -5/35 HPs)
             Began as a Mummy Fighter on Jan 8, 2020.
             Killed by divine providence
             ... invoked by an orc priest
              (8 damage)
             ... on level 3 of the Dungeon on Jan 9, 2020.
             The game lasted 00:05:07 (2154 turns).

Buxparty the Poker (Mummy Fighter)                  Turns: 2154, Time: 00:05:07

Health: -5/35      AC:  7    Str: 20    XL:     4   Next: 82%
Magic:  4/4        EV:  7    Int:  7    God:
Gold:   109        SH:  9    Dex: 11    Spells: 3/3 levels left

rFire    x . .     SeeInvis .   a - +0 trident
rCold    + + .     Gourm    .   c - +0 shield
rNeg     + + +     Faith    .   l - +1 scale mail {rC+}
rPois    ∞         Spirit   .   (no helmet)
rElec    .         Reflect  .   (no cloak)
rCorr    .         Harm     .   (no gloves)
MR       .....                  (no boots)
Stlth    ..........             (no amulet)
HPRegen  0.11/turn              (no ring)
MPRegen  0.09/turn              (no ring)

@: no status effects
A: no food or potions, fire vulnerability, cold resistance 1, negative energy
resistance 3, torment resistance, unbreathing
a: no special abilities


You were on level 3 of the Dungeon.
You were not hungry.

You visited 1 branch of the dungeon, and saw 4 of its levels.

You collected 109 gold pieces.

Inventory:

Hand Weapons
 a - a +0 trident (weapon)
Missiles
 j - 5 curare-tipped darts (quivered)
 k - 22 poisoned darts
Armour
 c - a +0 shield (worn)
 l - a +1 scale mail of cold resistance (worn)
Jewellery
 n - an uncursed amulet of harm {unknown}
Wands
 m - a wand of polymorph (8)
Scrolls
 b - 2 scrolls of amnesia {unknown}
 d - 3 scrolls of magic mapping {unknown}
 e - 4 scrolls of identify {unknown}
 f - 3 scrolls of remove curse {unknown}
 g - a scroll of noise {unknown}
 h - a scroll of enchant weapon {unknown}
 i - a scroll of fear {unknown}
 o - a scroll of enchant armour {unknown}


   Skills:
 - Level 3.0 Fighting
 * Level 3.2 Polearms
 + Level 3.1 Armour
 + Level 3.0 Shields


You had 3 spell levels left.
You didn't know any spells.
Your spell library was empty.

Dungeon Overview and Level Annotations

Branches:
Dungeon (4/15)
 Temple: D:4-7

Altars:
Dithmenos
Qazlal
Ru
Vehumet
Yredelemnul
Zin


Innate Abilities, Weirdness & Mutations

You do not eat or drink.
Your flesh is vulnerable to fire.
You are immune to poison.
Your flesh is cold resistant. (rC+)
You are immune to negative energy. (rN+++)
You are immune to unholy pain and torment.
You can survive without breathing.


Message History

There is a stone staircase leading down here.
You barely miss the orc priest.
The orc priest begins to cast a cantrip, but forgets the words!
You barely miss the orc priest. The orc priest closely misses you.
You closely miss the orc priest.
The orc priest hits you with a cursed +0 hand axe.
You barely miss the orc priest.
The orc priest hits you with a cursed +0 hand axe.
You puncture the orc priest!
The orc priest is heavily wounded.
The orc priest mumbles some strange prayers to Beogh against you.
Beogh smites you!
The orc priest mumbles some strange prayers to Beogh against you.
Beogh smites you!
* * * LOW HITPOINT WARNING * * *
You hit the orc priest but do no damage.
The orc priest is heavily wounded.
The orc priest invokes the aid of Beogh against you.
Beogh smites you!
You die...

#####......# ......##.#.#
########!#.# ######.....########
.......#.####.....# ########
.####.##.# #.###.###......#
.####.##.# ##.# #...#.####.#
.........# #..###...#.####.######
....#.######....@.......!.......#
....#.# #....o##.##.####.......
......# #..##..#.##.####.####..
#...### #..##..#.##......##....
#...# #................##.##.
#...#######.###..##........##.##.
............###..##..............
..........................###.###
...........####..##.......# #....


You could see an orc priest.

Vanquished Creatures
  Terence (D:2)
  2 adders (D:2)
  3 oozes
  A dart slug (D:2)
  A leopard gecko (D:2)
  An orc (D:3)
  A ball python (D:2)
  11 bats
  2 giant cockroaches
  A goblin (D:2)
  11 hobgoblins
  3 jackals (D:3)
  A quokka (D:2)
  3 frilled lizards
  11 kobolds
  15 rats
68 creatures vanquished.

Notes
Turn   | Place    | Note
-------+----------+-------------------------------------------
     0 | D:1      | Buxparty the Mummy Fighter began the quest for the Orb.
     0 | D:1      | Reached XP level 1. HP: 18/18 MP: 1/1
   245 | D:1      | Reached XP level 2. HP: 24/24 MP: 2/2
   761 | D:2      | Reached XP level 3. HP: 29/29 MP: 3/3
  1508 | D:2      | Reached XP level 4. HP: 27/35 MP: 4/4
  1519 | D:2      | Noticed Terence
  1527 | D:2      | Killed Terence
  1630 | D:3      | Found a shadowy altar of Dithmenos.
  1630 | D:3      | Found a glowing silver altar of Zin.
  1633 | D:3      | Found a sacrificial altar of Ru.
  1633 | D:3      | Found a stormy altar of Qazlal.
  1990 | D:3      | Found a radiant altar of Vehumet.
  1991 | D:3      | Found a basalt altar of Yredelemnul.
  2154 | D:3      | Killed from afar by an orc priest

Levels and vault maps discovered:
D:1:      dpeg_cavernosity, layout_basic
D:2:      minmay_chambers_of_ones, layout_basic, uniq_terence
D:3:      layout_loops_cross, grunt_temple_overflow_open,
          gammafunk_temple_overflow_statue, first_ration
D:4:      layout_cave_pools, minmay_fractal_squares_5

Skill      XL: |  1  2  3  4 |
---------------+-------------+-----
Polearms       | 2 3 |  3.2
Armour         | 3 |  3.1
Shields        | 3 |  3.0
Fighting       | |  3.0

Action                   |  1- 3 |  4- 6 || total
-------------------------+-------+-------++-------
Melee: Trident           |   181 |    78 ||   259
Armor: Scale mail        |    59 |    26 ||    85
Dodge: Dodged            |    42 |    11 ||    53
Block: Shield            |    72 |    35 ||   107
